Workbook

Sheet A1
B1: ANEXO A1
B2: ESTRUCTURA DE COSTOS MENSUAL DE LUNES A DOMINGO
B3: (En Soles)
C4: % | D4: AGENTE SIN ARMA | E4: AGENTE CON ARMA
B6: Descripción | C6: % | D6: 12hrs Día | E6: 12hrs Noche
B7: Remuneración
B8: Remuneración Mínima Mensual (RMM) | D8: 1025 | E8: 1025
B9: Asignación Familiar (10% RMV) o Bonificación | C9: 10 | D9: =+D8*0.1 -> 102.5 | E9: =+E8*0.1 -> 102.5
B10: Otras cargas laborales (Detallar todos los conceptos)
B11: * Bonificación Nocturna de RMM (RMM de 30 días)*0.33 | C11: 35 | D11: 0 | E11: =E8*0.35 -> 358.75
B12: * Horas Extras dos primeras | C12: 25 | D12: =(((D8+D9)/30)/8)*1.25*2*26 -> 305.36458 | E12: =(((E8+E9+E11)/30)/8)*1.25*2*26 -> 402.52604
B13: * Horas Extras restantes | C13: 35 | D13: =(((D8+D9)/30)/8)*1.35*2*26 -> 329.79375 | E13: =(((E8+E9+E11)/30)/8)*1.35*2*26 -> 434.72812
B14: Sub total de Remuneración | D14: =SUM(D8:D13) -> 1762.6583 | E14: =SUM(E8:E13) -> 2323.5042
B15: Feriados (RMM /30dias/8horas*2*12h.d.) | D15: =+(((D8+D9)/30)+((5.8724+6.3422)*2))*15/12 -> 77.515667 | E15: =+(((E8+E9+E11)/30)+((7.7409+8.3603)*2))*15/12 -> 102.18008
B16: Descansero (1/6 * Ingreso Mensual) | D16: =(D14+D15)*(1/6) -> 306.69567 | E16: =((E14+E15)/6) -> 404.28071
B17: A. Remuneración Total | D17: =SUM(D14:D16) -> 2146.8697 | E17: =SUM(E14:E16) -> 2829.965
B18: B. Vacaciones de (A) (Corresponde 1 mes al año = 1/12 - 8.33%) | C18: 8.33 | D18: =+D17*$C$18/100 -> 178.83424 | E18: =+E17*$C$18/100 -> 235.73608
B19: C. Gratificaciones de (A) (En Julio - Diciembre, 1 vez por semestre = 1/6 = 16.67%) | C19: 16.67 | D19: =+D17*$C$19/100 -> 357.88317 | E19: =+E17*$C$19/100 -> 471.75516
B20: Bonificacion Extraordinaria (LEY Nº 30334) | C20: 9 | D20: =+D19*$C$20/100 -> 32.209486 | E20: =+E19*$C$20/100 -> 42.457964
B21: D. CTS de ( A) | C21: 9.72 | D21: =+D17*$C$21/100 -> 208.67573 | E21: =+E17*$C$21/100 -> 275.07259
B22: Total a pagar al personal | D22: =SUM(D17:D21) -> 2924.4723 | E22: =SUM(E17:E21) -> 3854.9868
B23: Aportes de la empresa (Leyes Sociales)
B24: Aportes ESSALUD de (A+B) | C24: 9 | D24: =+(D17+D18)*$C$24/100 -> 209.31335 | E24: =+(E17+E18)*$C$24/100 -> 275.91309
B25: S.C.T.R. de (A+B) + ESSALUD VIDA | C25: 3 | D25: =+(D17+D18)*$C$25/100 -> 69.771117 | E25: =+(E17+E18)*$C$25/100 -> 91.971031
B26: Costo Total de personal | D26: =SUM(D22:D25) -> 3203.5568 | E26: =SUM(E22:E25) -> 4222.8709
B27: Uniformes, equipos y suministros e implementos de seguridad | D27: 110 | E27: 110
B28: Poliza de seguros, Carta Fianza, etc. | D28: 160 | E28: 160
B29: Otros Gastos Operativos (carnet, licencia, etc.) | D29: 160 | E29: 250
B30: SUB TOTAL COSTO POR PUESTO | D30: =SUM(D26:D29) -> 3633.5568 | E30: =SUM(E26:E29) -> 4742.8709
B31: Gastos Administrativos | D31: 1682 | E31: 1876.6
B32: Utilidad | D32: 430.5 | E32: 570.8
B33: Monto Total antes de IGV | D33: =SUM(D30:D32) -> 5746.0568 | E33: =SUM(E30:E32) -> 7190.2709
B34: IGV (18%) | D34: =+D33*0.18 -> 1034.2902 | E34: =+E33*0.18 -> 1294.2488
B35: COSTO TOTAL POR PUESTO 12 H. INC. I.G.V. S/. | D35: =SUM(D33:D34) -> 6780.347 | E35: =SUM(E33:E34) -> 8484.5196

Sheet RESUMEN
B3: DEFENSA RIBEREÑA : CUENCA CASMA - HUARMEY
B5: RESUMEN DE PRESUPUESTO
B7: PROYECTO | C7: Entrega de las defensas ribereñas de los Ríos Casma y Huarmey – Paquete 4”
B8: UBICACIÓN : | C8: ANCASH
B9: Lugar | C9: ANCASH
B11: Item | C11: Descripción | D11: Und. | E11: CANT. | F11: Meses | G11: Precio S/. | H11: Parcial S/.
C12: CUENCA HUARMEY | H12: =+SUM(H14:H17) -> 300485.56
B13: 1 | C13: PERSONAL | H13: =SUM(H14:H17) -> 300485.56
B14: 1.03 | C14: AGENTE SIN ARMA OFICINA OHLA (TURNO DÍA 6:00 - 18:00) | D14: mes | E14: 1 | F14: 11 | G14: =+'A1'!D33 -> 5746.0568 | H14: =F14*G14 -> 63206.624
B15: 1.02 | C15: AGENTE CON ARMA OFICINA OHLA (TURNO NOCHE 18:00 - 6:00) | D15: mes | E15: 1 | F15: 11 | G15: =+'A1'!E33 -> 7190.2709 | H15: =F15*G15 -> 79092.98
B16: 1.03 | C16: AGENTE CON ARMA HOTEL ASHLEY (TURNO NOCHE 18:00 - 6:00)) | D16: mes | E16: 1 | F16: 11 | G16: =+'A1'!E33 -> 7190.2709 | H16: =F16*G16 -> 79092.98
B17: 1.04 | C17: AGENTE CON ARMA HOTEL 2 (TURNO NOCHE 18:00 - 6:00) | D17: mes | E17: 1 | F17: 11 | G17: =+'A1'!E33 -> 7190.2709 | H17: =F17*G17 -> 79092.98
C19: CUENCA CASMA | H19: =+SUM(H21:H24) -> 300485.56
B20: 1 | C20: PERSONAL | H20: =SUM(H21:H24) -> 300485.56
B21: 1.03 | C21: AGENTE SIN ARMA OFICINA OHLA (TURNO DÍA 6:00 - 18:00) | D21: mes | E21: 1 | F21: 11 | G21: =+'A1'!D33 -> 5746.0568 | H21: =F21*G21 -> 63206.624
B22: 1.02 | C22: AGENTE CON ARMA OFICINA OHLA (TURNO NOCHE 18:00 - 6:00) | D22: mes | E22: 1 | F22: 11 | G22: =+'A1'!E33 -> 7190.2709 | H22: =F22*G22 -> 79092.98
B23: 1.03 | C23: AGENTE CON ARMA HOTEL ASHLEY (TURNO NOCHE 18:00 - 6:00)) | D23: mes | E23: 1 | F23: 11 | G23: =+'A1'!E33 -> 7190.2709 | H23: =F23*G23 -> 79092.98
B24: 1.04 | C24: AGENTE CON ARMA HOTEL 2 (TURNO NOCHE 18:00 - 6:00) | D24: mes | E24: 1 | F24: 11 | G24: =+'A1'!E33 -> 7190.2709 | H24: =F24*G24 -> 79092.98
C26: SUB TOTAL | H26: =+H19+H12 -> 600971.13
C27: IGV | G27: 0.18 | H27: =+H26*0.18 -> 108174.8
D28: TOTAL OFERTA ECONOMICA S/. | H28: =+H27+H26 -> 709145.93
C31: Para el presente proceso de licitación "Subcontratación de seguridad y Vigilancia privada en las Instalaciones del Proyecto - Defensa Ribereña de los Ríos Casma y Huarmey", no se está considerando supervisor de seguridad ni camioneta, sin embargo se requiere que la propuesta contemple supervisión en línea a los agentes de seguridad y reporte al coordinador de seguridad patrimonial de OHLA. Asimismo, deberán adjuntar plan de contigencia del servicio propuesto.
